Map: Prion Terraces

Players

오금

  • Race: Zerg Zerg
  • League: Master

lllllllll (Probe) - Winner!

  • Race: Protoss Protoss
  • League: Master

VOD

Have the link to the VOD?

Description

Time

  • Played on: Dec. 17, 2015, 6:39 p.m.
  • Length: 11:48
Show
View Real Time Build Order
Export as new Build Order

오금 Zerg 

Build Orders: Hatch First 

Get SALT Encoding   

  12  0:00  Drone  
  13  0:08  Drone  
  14  0:17  Overlord  
  14  0:35  Drone x3  
  17  0:55  Hatchery  
  16  0:58  Drone  
  17  1:13  Spawning Pool  
  17  1:14  Drone  
  17  1:16  Extractor  
  16  1:18  Drone  
  17  1:27  Drone  
  18  1:34  Overlord  
  18  1:44  Drone  
  19  1:53  Drone  
  20  2:01  Queen  
  20  2:07  Queen  
  20  2:08  Zergling x2  
  25  2:13  Drone  
  25  2:15  Drone  
  27  2:20  Drone  
  28  2:23  Metabolic Boost  
  28  2:26  Drone  
  29  2:32  Drone  
  29  2:33  Drone  
  31  2:46  Drone x2  
  31  2:50  Hatchery  
  32  2:53  Overlord  
  32  3:04  Zergling x4  
  34  3:19  Zergling x16  
  41  3:21  Lair  
  41  3:22  Extractor  
  41  3:24  Extractor  
  39  3:30  Overlord  
  39  3:33  Overlord  
  39  3:36  Queen  
  41  3:44  Drone  
  41  3:45  Roach Warren  
  41  3:51  Drone x4  
  45  3:57  Drone x2  
  45  4:00  Drone  
  47  4:05  Drone x2  
  47  4:09  Drone  
  48  4:13  Drone x2  
  50  4:21  Spire  
  49  4:24  Drone x2  
  49  4:27  Drone  
  49  4:30  Drone x2  
  54  4:37  Spore Crawler  
  53  4:42  Spore Crawler  
  52  4:46  Roach x4  
  52  4:49  Glial Reconstitution  
  52  4:51  Drone  
  61  4:55  Overlord  
  61  5:00  Overlord  
  61  5:05  Overlord  
  61  5:07  Extractor  
  61  5:11  Overlord  
  60  5:18  Roach  
  60  5:19  Overlord, Roach  
  60  5:20  Overlord  
  64  5:21  Pneumatized Carapace  
  64  5:24  Spore Crawler  
  64  5:25  Drone  
  64  5:26  Drone x3  
  62  5:37  Overlord  
  62  5:41  Drone x4  
  66  5:43  Drone x3  
  69  5:55  Roach x3  
  69  5:56  Roach x2  
  77  6:06  Roach x5  
  87  6:12  Roach x4  
  87  6:15  Overlord  
  87  6:17  Overlord  
  95  6:30  Overlord x2  
  95  6:34  Extractor  
  95  6:35  Extractor  
  95  6:37  Drone x6  
  98  6:43  Roach  
  87  6:57  Roach x8  
  101  7:03  Queen  
  101  7:17  Queen  
  101  7:20  Hatchery  
  100  7:30  Zerg Flyer Weapons Level 1  
  100  7:32  Queen  
  100  7:34  Drone x4  
  100  7:35  Drone, Mutalisk x7  
  119  7:47  Mutalisk  
  119  7:50  Overlord x2  
  121  7:51  Overlord  
  121  7:56  Evolution Chamber  
  120  8:06  Mutalisk  
  120  8:08  Mutalisk  
  124  8:14  Mutalisk  
  124  8:15  Mutalisk x6  
  138  8:22  Zerg Melee Weapons Level 1  
  138  8:26  Mutalisk  
  138  8:27  Mutalisk  
  138  8:28  Zergling x2  
  138  8:32  Queen  
  145  8:34  Drone x6  
  145  8:39  Overlord  
  151  8:47  Hatchery  
  150  8:50  Drone x2  
  150  8:51  Overlord  
  150  8:52  Extractor  
  150  8:53  Extractor  
  150  9:00  Mutalisk  
  150  9:01  Mutalisk x3  
  149  9:26  Drone x7, Mutalisk x4  
  161  9:36  Mutalisk  
  161  9:37  Mutalisk x2  
  167  9:41  Overlord  
  167  9:42  Overlord  
  167  9:46  Overlord  
  167  9:47  Overlord  
  167  9:51  Drone  
  168  9:56  Extractor x2  
  164  10:02  Mutalisk  
  164  10:03  Mutalisk x4  
  174  10:14  Roach  
  174  10:15  Mutalisk  
  174  10:16  Zergling x2  
  177  10:26  Infestation Pit  
  176  10:38  Roach x5  
  176  10:39  Roach x7  
  200  10:45  Hydralisk Den  
  199  10:56  Overlord  
  199  11:02  Spore Crawler  
  198  11:08  Spore Crawler  
  198  11:10  Spore Crawler  
  196  11:12  Drone x2, Spore Crawler  
  184  11:27  Roach  
  184  11:28  Roach  
  184  11:29  Roach x4  
Show
View Real Time Build Order
Export as new Build Order

lllllllll Protoss - Winner!

Build Orders: Nexus First 

Get SALT Encoding   

  12  0:01  Probe (Chrono Boost)  
  13  0:11  Probe (Chrono Boost)  
  14  0:22  Probe (Chrono Boost)  
  14  0:23  Pylon  
  15  0:42  Probe (Chrono Boost)  
  16  0:52  Probe (Chrono Boost)  
  17  1:00  Nexus  
  17  1:08  Gateway  
  18  1:11  Probe (Chrono Boost)  
  18  1:19  Assimilator  
  18  1:22  Probe (Chrono Boost)  
  18  1:25  Assimilator  
  19  1:32  Probe (Chrono Boost)  
  20  1:40  Forge  
  20  1:43  Probe (Chrono Boost)  
  21  1:53  Probe (Chrono Boost)  
  22  2:02  Cybernetics Core  
  22  2:04  Probe (Chrono Boost)  
  23  2:12  Probe (Chrono Boost)  
  23  2:14  Probe (Chrono Boost), Protoss Ground Weapons Level 1  
  25  2:23  Probe (Chrono Boost)  
  25  2:25  Probe (Chrono Boost)  
  27  2:33  Probe (Chrono Boost)  
  27  2:35  Probe (Chrono Boost)  
  29  2:39  Adept  
  29  2:40  Warp Gate  
  32  2:44  Probe (Chrono Boost)  
  32  2:47  Mothership Core (Chrono Boost)  
  32  2:50  Pylon  
  34  2:54  Probe (Chrono Boost)  
  35  3:05  Probe x2 (Chrono Boost)  
  37  3:08  Sentry  
  38  3:15  Probe (Chrono Boost)  
  38  3:18  Probe (Chrono Boost)  
  40  3:26  Probe (Chrono Boost), Gateway  
  41  3:27  Gateway  
  41  3:29  Probe (Chrono Boost)  
  41  3:31  Stargate  
  42  3:37  Probe (Chrono Boost)  
  42  3:39  Probe (Chrono Boost)  
  44  3:42  Pylon  
  44  3:45  Pylon  
  44  3:47  Probe (Chrono Boost)  
  45  3:50  Probe (Chrono Boost)  
  45  3:52  Assimilator  
  46  3:56  Assimilator  
  46  4:00  Probe x2 (Chrono Boost)  
  48  4:08  Protoss Ground Armor Level 1  
  48  4:10  Probe (Chrono Boost)  
  48  4:11  Probe (Chrono Boost)  
  48  4:15  Pylon, Phoenix (Chrono Boost)  
  52  4:20  Probe  
  52  4:22  Probe  
  54  4:34  Probe  
  54  4:35  Probe  
  54  4:37  Phoenix (Chrono Boost)  
  58  4:44  Adept x3  
  64  4:47  Probe  
  64  4:48  Probe  
  66  4:54  Nexus  
  66  4:56  Pylon  
  66  4:59  Phoenix (Chrono Boost)  
  68  5:05  Pylon  
  68  5:11  Pylon  
  69  5:19  Twilight Council  
  69  5:21  Phoenix (Chrono Boost)  
  70  5:28  Probe  
  70  5:30  Probe  
  72  5:40  Sentry x2  
  72  5:41  Robotics Facility  
  72  5:42  Zealot, Phoenix (Chrono Boost)  
  80  5:45  Gateway, Probe  
  80  5:46  Probe  
  80  5:47  Gateway  
  80  5:49  Charge (Chrono Boost)  
  82  5:58  Probe  
  82  6:01  Probe  
  82  6:03  Protoss Ground Weapons Level 2  
  84  6:09  Probe  
  84  6:10  Probe  
  86  6:13  Probe  
  86  6:16  Zealot  
  86  6:17  Zealot x2  
  93  6:29  Gateway  
  93  6:31  Gateway  
  93  6:33  Gateway  
  93  6:36  Pylon  
  93  6:40  Immortal (Chrono Boost)  
  93  6:43  Adept x3  
  101  6:50  Adept x2  
  105  7:02  Templar Archives  
  105  7:07  Nexus  
  105  7:08  Pylon  
  105  7:15  Immortal (Chrono Boost)  
  109  7:23  Zealot x4  
  109  7:29  Pylon  
  117  7:33  Pylon  
  117  7:34  Pylon  
  117  7:35  Zealot x3  
  117  7:36  Pylon  
  123  7:39  Pylon  
  123  7:45  Resonating Glaives  
  123  7:49  Observer (Chrono Boost)  
  124  7:53  Pylon, High Templar x2  
  124  7:55  Zealot x3, Pylon  
  124  7:56  Zealot x2  
  124  7:57  Pylon  
  138  7:59  Pylon  
  138  8:00  Archon  
  138  8:04  High Templar  
  140  8:07  Phoenix (Chrono Boost)  
  142  8:14  Pylon  
  142  8:16  Pylon  
  142  8:17  Observer  
  142  8:19  Pylon  
  142  8:22  Stalker x2, Pylon  
  147  8:27  Assimilator  
  147  8:28  Assimilator  
  147  8:32  Phoenix (Chrono Boost)  
  149  8:43  Probe  
  149  8:44  Probe x3  
  153  8:53  Probe  
  156  8:55  Phoenix (Chrono Boost)  
  156  8:56  Probe x2  
  156  8:59  Stalker x4  
  161  9:04  Probe  
  161  9:05  Probe  
  161  9:08  Probe  
  161  9:09  Probe  
  163  9:17  Phoenix (Chrono Boost)  
  159  9:30  Fleet Beacon  
  143  9:34  Stalker x5  
  153  9:41  Adept  
  155  9:47  Phoenix (Chrono Boost)  
  155  9:49  Stalker x2  
  159  10:08  Phoenix (Chrono Boost)  
  157  10:14  Stalker  
  157  10:15  Stalker x3  
  157  10:18  Probe  
  157  10:19  Probe x2  
  168  10:23  Anion Pulse-Crystals (Chrono Boost)  
  168  10:27  Probe  
  169  10:28  Probe  
  169  10:29  Phoenix  
  169  10:32  Immortal  
  172  10:39  Probe x3  
  179  10:48  Probe  
  180  10:51  Probe x2  
  180  10:53  Phoenix  
  184  10:58  Probe x2  
  184  11:00  Zealot x7  
  173  11:37  Stalker x8  
Tags
 
Add a new tag
Caveats
  • Supply blocks, unpowered buildings, or Contaminate may cause inaccurate times.
  • Supply counts are checked every 10 seconds.